Map: World of Sleepers LE

Players

Mez - Winner!

  • Race: Terran Terran
  • League: Master
  • Spawn Location: 1:00

Akke

  • Race: Protoss Protoss
  • League: Master
  • Spawn Location: 7:00

VOD

Have the link to the VOD?

Description

Time

  • Played on: Aug. 28, 2019, 5:10 p.m.
  • Length: 10:34
Show
View Real Time Build Order
Export as new Build Order

Mez Terran - Winner!

Build Orders: Reaper Expand 

Get SALT Encoding   

  12  0:00  SCV  
  13  0:12  SCV  
  14  0:17  Supply Depot  
  14  0:25  SCV  
  15  0:38  SCV  
  15  0:40  Barracks  
  16  0:44  Refinery  
  16  0:50  SCV  
  17  1:02  SCV  
  18  1:15  SCV  
  19  1:29  Orbital Command, Reaper  
  20  1:39  Command Center  
  20  1:55  Bunker  
  20  1:58  Supply Depot, SCV  
  21  2:02  Marine  
  22  2:10  SCV  
  23  2:20  Barracks Reactor  
  23  2:31  Bunker  
  23  2:33  SCV  
  24  2:37  Factory  
  24  2:39  Refinery  
  24  2:46  SCV  
  25  2:51  Orbital Command  
  25  2:57  Marine x2  
  27  3:09  SCV  
  28  3:15  Marine x2  
  28  3:18  SCV  
  31  3:23  SCV  
  31  3:24  Widow Mine  
  31  3:26  Starport  
  34  3:27  Orbital Command  
  34  3:41  Marine x2  
  34  3:43  SCV  
  37  3:49  Factory Tech Lab  
  37  3:53  SCV  
  37  3:55  SCV  
  38  3:56  Command Center  
  38  4:08  Liberator  
  38  4:13  Supply Depot  
  38  4:14  Supply Depot  
  38  4:16  Marine x2  
  40  4:22  SCV x2  
  41  4:24  Supply Depot  
  44  4:35  Siege Tank  
  47  4:41  Barracks  
  47  4:53  Marine x2  
  49  5:03  Barracks  
  49  5:05  SCV x2  
  51  5:08  Viking  
  50  5:15  Orbital Command  
  50  5:19  Siege Tank  
  48  5:28  Marine x2  
  46  5:33  Barracks Tech Lab  
  46  5:38  Supply Depot  
  43  5:54  Viking  
  43  5:55  Siege Tank  
  43  5:56  Marine  
  48  6:00  SCV  
  48  6:06  Stimpack  
  48  6:10  SCV  
  49  6:14  Marine  
  50  6:38  Marauder, Marine x3  
  55  6:43  SCV x2  
  58  6:53  Orbital Command  
  57  6:55  Siege Tank  
  57  6:56  Medivac  
  57  6:57  Marine x2  
  56  7:17  Marine x4  
  56  7:23  SCV  
  56  7:24  SCV  
  56  7:28  SCV  
  57  7:35  SCV, Marine x3  
  61  7:49  Siege Tank, SCV, Marine  
  66  7:58  Marine  
  66  7:59  Marine  
  66  8:02  Starport Tech Lab, Engineering Bay  
  69  8:11  SCV  
  69  8:12  Barracks Tech Lab  
  69  8:13  Supply Depot  
  69  8:17  SCV x2  
  69  8:18  Refinery  
  71  8:20  Raven  
  71  8:24  SCV  
  74  8:29  SCV x2  
  74  8:32  Terran Infantry Weapons Level 1  
  76  8:36  SCV  
  76  8:37  Factory Reactor  
  77  8:41  Refinery, SCV x2  
  79  8:49  Marauder, Marine x2  
  79  8:50  Marauder  
  79  8:53  Supply Depot  
  79  8:54  Supply Depot  
  79  8:55  Supply Depot  
  85  9:10  Barracks  
  85  9:13  Barracks  
  85  9:14  Marine x2  
  85  9:28  Marauder x2  
  85  9:29  SCV x3  
  92  9:31  Factory Reactor  
  92  9:32  Supply Depot, Marine x2  
  82  9:38  Medivac  
  94  9:41  Medivac, SCV x2  
  100  9:53  Marauder x2, Orbital Command, Marine x2  
  100  9:57  SCV x2  
  108  10:06  Supply Depot  
  108  10:07  Supply Depot  
  108  10:10  Armory  
Show
View Real Time Build Order
Export as new Build Order

Akke Protoss 

Build Orders:  

Get SALT Encoding   

  12  0:00  Probe  
  13  0:13  Probe  
  14  0:18  Pylon  
  14  0:24  Probe  
  15  0:32  Probe  
  15  0:37  Gateway  
  15  0:40  Probe  
  16  0:46  Assimilator  
  17  0:51  Probe  
  18  1:03  Probe  
  19  1:13  Pylon  
  19  1:15  Probe  
  20  1:25  Cybernetics Core  
  20  1:27  Probe  
  20  1:31  Gateway  
  21  1:39  Probe  
  22  1:44  Assimilator  
  22  1:51  Warp Gate, Probe  
  23  1:54  Stalker  
  23  2:04  Probe  
  26  2:16  Probe  
  26  2:18  Stalker  
  26  2:22  Stalker  
  31  2:36  Pylon  
  31  2:54  Stalker x2  
  35  3:12  Twilight Council  
  35  3:14  Robotics Facility  
  35  3:21  Probe  
  35  3:25  Pylon  
  36  3:29  Charge  
  36  3:33  Gateway  
  36  3:35  Gateway  
  36  3:45  Probe  
  37  4:05  Stalker x2  
  41  4:22  Observer  
  42  4:29  Stalker x2  
  46  4:33  Pylon  
  46  4:36  Pylon  
  46  4:53  Stalker x3  
  46  4:56  Pylon  
  52  5:02  Pylon  
  46  5:26  Stalker x2  
  46  5:27  Stalker x2  
  52  5:54  Stalker x2  
  50  5:58  Stalker  
  46  6:05  Zealot  
  48  6:13  Probe  
  49  6:21  Probe  
  50  6:25  Nexus  
  50  6:26  Observer  
  50  6:29  Probe  
  48  6:41  Probe  
  49  6:59  Probe  
  48  7:08  Zealot x2  
  48  7:09  Stalker  
  48  7:11  Probe  
  48  7:13  Robotics Bay  
  43  7:27  Zealot  
  43  7:30  Stalker  
  43  7:31  Probe  
  46  7:41  Assimilator  
  46  7:43  Probe, Assimilator  
  47  7:47  Probe  
  47  7:50  Colossus  
  48  7:55  Probe  
  54  8:08  Probe  
  55  8:13  Probe  
  56  8:20  Probe  
  56  8:22  Pylon  
  56  8:25  Probe  
  58  8:32  Colossus, Probe  
  59  8:37  Probe  
  66  8:49  Probe  
  66  8:53  Probe  
  68  9:06  Probe x2  
  70  9:14  Colossus  
  70  9:18  Probe  
  71  9:27  Probe  
  78  9:32  Sentry x3  
  78  9:37  Pylon  
  84  9:51  Gateway  
  84  9:52  Gateway  
  84  9:54  Forge  
  80  10:23  Zealot x3  
  80  10:24  Zealot  
Tags
 
Add a new tag
Caveats
  • Supply blocks, unpowered buildings, or Contaminate may cause inaccurate times.
  • Supply counts are checked every 10 seconds.